AA SOUTH
WEST VIRGINIA BLACK BEARS @ ROCKET CITY TRASH PANDAS
05/20/2042
 
TOP OF THE 1ST
West Virginia Black Bears batting - Pitching for Rocket City Trash Pandas : RHP Luis Reyes
Pitching: RHP Luis Reyes
Batting: LHB Chuck Christian 0-0: Foul Ball, location: 2RF
0-1: Ball
1-1: Swinging Strike
1-2: Ball
2-2: Strikes out looking
Batting: RHB Julián Martínez 0-0: Ball
1-0: Swinging Strike
1-1: Ground out 5-3 (Groundball, 5, EV 108.1 MPH)
Batting: LHB Charlie Upton 0-0: Ball
1-0: Ground out 4-3 (Groundball, 4, EV 85.6 MPH)
Top of the 1st over - 0 runs, 0 hits, 0 errors, 0 left on base; West Virginia 0 - Rocket City 0
BOTTOM OF THE 1ST
Rocket City Trash Pandas batting - Pitching for West Virginia Black Bears : RHP Kurt Thomas
Pitching: RHP Kurt Thomas
Batting: LHB José Martínez 0-0: Called Strike
0-1: Ball
1-1: Ground out 4-3 (Groundball, 4M, EV 107.5 MPH)
Batting: RHB Nate Colbert 0-0: Called Strike
0-1: Ball
1-1: Called Strike
1-2: Foul Ball, location: 2F
1-2: DOUBLE (Flyball, 89D, EV 99.4 MPH)
Batting: LHB José Noboa 0-0: Called Strike
0-1: Ball
1-1: Foul Ball, location: 2RF
1-2: SINGLE (Flyball, 6D, EV 97.5 MPH)
Nate Colbert to third
Batting: RHB José Martínez 0-0: Ball
1-0: Grounds into double play, 4-6-3 (Groundball, 4, EV 97.5 MPH)
Bottom of the 1st over - 0 runs, 2 hits, 0 errors, 1 left on base; West Virginia 0 - Rocket City 0
TOP OF THE 2ND
West Virginia Black Bears batting - Pitching for Rocket City Trash Pandas : RHP Luis Reyes
Batting: SHB Jeff Hansen 0-0: Ball
1-0: Called Strike
1-1: Ball
2-1: Called Strike
2-2: Ball
3-2: Foul Ball, location: 5FF
3-2: Foul Ball, location: 5F
3-2: SINGLE (Line Drive, 8LS, EV 105.0 MPH)
Batting: RHB Alex Levington 0-0: Grounds into double play, 6-4-3 (Groundball, 6, EV 88.1 MPH)
Batting: SHB José Hernández 0-0: Ground out 6-3 (Groundball, 6, EV 91.9 MPH)
Top of the 2nd over - 0 runs, 1 hit, 0 errors, 0 left on base; West Virginia 0 - Rocket City 0
BOTTOM OF THE 2ND
Rocket City Trash Pandas batting - Pitching for West Virginia Black Bears : RHP Kurt Thomas
Batting: RHB Alan von Duehren 0-0: Ball
1-0: Foul Ball, location: 3FF
1-1: Ground out 6-3 (Groundball, 6, EV 86.9 MPH)
Batting: RHB Joe Sims 0-0: Swinging Strike
0-1: Ball
1-1: Ball
2-1: Called Strike
2-2: Ball
3-2: Foul Ball, location: 2F
3-2: Foul Ball, location: 9LMF
3-2: Strikes out looking
Batting: LHB José Ortíz 0-0: Foul Ball, location: 7LMF
0-1: Foul Ball, location: 2F
0-2: Ball
1-2: SINGLE (Line Drive, 78S, EV 103.8 MPH)
Batting: LHB Ho-cheong Kim 0-0: Ball
1-0: Ball
2-0: Ball
3-0: Base on Balls
José Ortíz to second
Batting: RHB Rob Narcia 0-0: Ball
1-0: Ball
2-0: Ball
3-0: Foul Ball, location: 3SF
3-1: Ground out U3 (Groundball, 3, EV 103.8 MPH)
Bottom of the 2nd over - 0 runs, 1 hit, 0 errors, 2 left on base; West Virginia 0 - Rocket City 0
TOP OF THE 3RD
West Virginia Black Bears batting - Pitching for Rocket City Trash Pandas : RHP Luis Reyes
Batting: RHB Kevin Davis 0-0: Ball
1-0: Foul Ball, location: 2RF
1-1: Called Strike
1-2: Strikes out swinging
Batting: RHB Kevin Wadley 0-0: Fly out, F8 (Flyball, 8LM, EV 81.9 MPH)
Batting: RHB Alex Owens 0-0: Ball
1-0: Ball
2-0: Foul Ball, location: 2F
2-1: Foul Ball, location: 23F
2-2: Foul Ball, location: 2F
2-2: Strikes out looking
Top of the 3rd over - 0 runs, 0 hits, 0 errors, 0 left on base; West Virginia 0 - Rocket City 0
BOTTOM OF THE 3RD
Rocket City Trash Pandas batting - Pitching for West Virginia Black Bears : RHP Kurt Thomas
Batting: LHB José Martínez 0-0: Ball
1-0: Ground out 5-3 (Groundball, 56S, EV 85.0 MPH)
Batting: RHB Nate Colbert 0-0: Called Strike
0-1: Swinging Strike
0-2: Ball
1-2: Strikes out looking
Batting: LHB José Noboa 0-0: Called Strike
0-1: Ball
1-1: SINGLE (Line Drive, 9LS, EV 100.0 MPH)
Batting: RHB José Martínez 0-0: Ball
1-0: Foul Ball, location: 25FF
1-1: Ball
2-1: Called Strike
2-2: Fielders Choice at 2nd, U6 (Groundball, 6M, EV 85.6 MPH)
Bottom of the 3rd over - 0 runs, 1 hit, 0 errors, 1 left on base; West Virginia 0 - Rocket City 0
TOP OF THE 4TH
West Virginia Black Bears batting - Pitching for Rocket City Trash Pandas : RHP Luis Reyes
Batting: LHB Chuck Christian 0-0: Foul Ball, location: 2F
0-1: Swinging Strike
0-2: Ball
1-2: Foul Ball, location: 7LMF
1-2: Ball
2-2: Strikes out looking
Batting: RHB Julián Martínez 0-0: Ball
1-0: Ball
2-0: Ball
3-0: Base on Balls
Batting: LHB Charlie Upton 0-0: Ball
1-0: Ball
2-0: Called Strike
2-1: Ball
3-1: Base on Balls
Julián Martínez to second
Batting: SHB Jeff Hansen 0-0: Swinging Strike
0-1: Foul Ball, location: 2F
0-2: Ball
1-2: Strikes out swinging
Batting: RHB Alex Levington 0-0: Ball
1-0: Foul Ball, location: 3FF
1-1: Ball
2-1: Fielders Choice at 2nd, 6-4 (Groundball, 56, EV 104.4 MPH)
Top of the 4th over - 0 runs, 0 hits, 0 errors, 2 left on base; West Virginia 0 - Rocket City 0
BOTTOM OF THE 4TH
Rocket City Trash Pandas batting - Pitching for West Virginia Black Bears : RHP Kurt Thomas
Batting: RHB Alan von Duehren 0-0: Ball
1-0: Ball
2-0: Fly out, F7 (Flyball, 7, EV 94.4 MPH)
Batting: RHB Joe Sims 0-0: Called Strike
0-1: Hit by Pitch
Batting: LHB José Ortíz 0-0: Called Strike
0-1: Called Strike
0-2: Foul Ball, location: 5F
0-2: Strikes out swinging
Batting: LHB Ho-cheong Kim 0-0: Ball
1-0: Called Strike
1-1: Called Strike
1-2: Fly out, F7 (Flyball, 7, EV 86.9 MPH)
Bottom of the 4th over - 0 runs, 0 hits, 0 errors, 1 left on base; West Virginia 0 - Rocket City 0
TOP OF THE 5TH
West Virginia Black Bears batting - Pitching for Rocket City Trash Pandas : RHP Luis Reyes
Batting: SHB José Hernández 0-0: Ground out 4-3 (Groundball, 4, EV 89.4 MPH)
Batting: RHB Kevin Davis 0-0: Called Strike
0-1: Called Strike
0-2: Ball
1-2: Ball
2-2: Ground out 6-3 (Groundball, 6, EV 107.5 MPH)
Batting: RHB Kevin Wadley 0-0: Fly out, F4 (Popup, 4D, EV 59.4 MPH)
Top of the 5th over - 0 runs, 0 hits, 0 errors, 0 left on base; West Virginia 0 - Rocket City 0
BOTTOM OF THE 5TH
Rocket City Trash Pandas batting - Pitching for West Virginia Black Bears : RHP Kurt Thomas
Batting: RHB Rob Narcia 0-0: Ball
1-0: Ball
2-0: Called Strike
2-1: Swinging Strike
2-2: Ball
3-2: Base on Balls
Batting: LHB José Martínez 0-0: Bunt missed!
0-1: Ball
1-1: Sac Bunt to 13 - play at first, batter OUT! 1-4
Rob Narcia to second
Batting: RHB Nate Colbert 0-0: Called Strike
0-1: Ground out 4-3 (Groundball, 4S, EV 83.1 MPH)
Rob Narcia to third
Batting: LHB José Noboa 0-0: Called Strike
0-1: SINGLE (Flyball, 3D, EV 93.1 MPH)
Rob Narcia scores
Batting: RHB José Martínez 0-0: Called Strike
0-1: Foul Ball, location: 2F
0-2: Ball
1-2: Ball
2-2: Fly out, F6 (Popup, 6MS, EV 70.0 MPH)
Bottom of the 5th over - 1 run, 1 hit, 0 errors, 1 left on base; West Virginia 0 - Rocket City 1
TOP OF THE 6TH
West Virginia Black Bears batting - Pitching for Rocket City Trash Pandas : RHP Luis Reyes
Batting: RHB Alex Owens 0-0: Ground out 3-1 (Groundball, 34, EV 101.3 MPH)
Batting: LHB Chuck Christian 0-0: Ground out U3 (Groundball, 34, EV 83.1 MPH)
Batting: RHB Julián Martínez 0-0: Ball
1-0: Called Strike
1-1: Swinging Strike
1-2: Fly out, F4 (Popup, 4D, EV 53.8 MPH)
Top of the 6th over - 0 runs, 0 hits, 0 errors, 0 left on base; West Virginia 0 - Rocket City 1
BOTTOM OF THE 6TH
Rocket City Trash Pandas batting - Pitching for West Virginia Black Bears : RHP Kurt Thomas
Pitching: RHP Darrell Lewis
Batting: RHB Alan von Duehren 0-0: Ball
1-0: Ball
2-0: SINGLE (Flyball, 7, EV 94.4 MPH)
Batting: RHB Joe Sims 0-0: Bunted foul
0-1: Bunted foul
0-2: Ball
1-2: Strikes out looking
Batting: LHB José Ortíz 0-0: Called Strike
0-1: Called Strike
0-2: Ball
1-2: Ball
2-2: Strikes out swinging
Batting: LHB Ho-cheong Kim 0-0: Foul Ball, location: 2F
0-1: Ball
1-1: Ball
2-1: Ball
3-1: Foul Ball, location: 2F
3-2: Foul Ball, location: 2F
3-2: Foul Ball, location: 3F
3-2: Foul Ball, location: 9LSF
3-2: Foul Ball, location: 2F
3-2: Strikes out looking
Bottom of the 6th over - 0 runs, 1 hit, 0 errors, 1 left on base; West Virginia 0 - Rocket City 1
TOP OF THE 7TH
West Virginia Black Bears batting - Pitching for Rocket City Trash Pandas : RHP Luis Reyes
Batting: LHB Charlie Upton 0-0: Ball
1-0: Called Strike
1-1: Ball
2-1: Foul Ball, location: 5SF
2-2: Fly out, F8 (Flyball, 8LS, EV 90.6 MPH)
Batting: SHB Jeff Hansen 0-0: Foul Ball, location: 2F
0-1: Fly out, F8 (Flyball, 8RS, EV 90.6 MPH)
Batting: RHB Alex Levington 0-0: Ball
1-0: Called Strike
1-1: Ground out 4-3 (Groundball, 4, EV 83.1 MPH)
Top of the 7th over - 0 runs, 0 hits, 0 errors, 0 left on base; West Virginia 0 - Rocket City 1
BOTTOM OF THE 7TH
Rocket City Trash Pandas batting - Pitching for West Virginia Black Bears : RHP Darrell Lewis
Batting: RHB Rob Narcia 0-0: Ball
1-0: Ball
2-0: Foul Ball, location: 9LMF
2-1: Ball
3-1: Fly out, F8 (Flyball, 8LXD, EV 100.6 MPH)
Batting: LHB José Martínez 0-0: Called Strike
0-1: Called Strike
0-2: Strikes out swinging
Batting: RHB Nate Colbert 0-0: Ball
1-0: Ball
2-0: Ground out U3 (Groundball, 3, EV 85.6 MPH)
Bottom of the 7th over - 0 runs, 0 hits, 0 errors, 0 left on base; West Virginia 0 - Rocket City 1
TOP OF THE 8TH
West Virginia Black Bears batting - Pitching for Rocket City Trash Pandas : RHP Luis Reyes
Pitching: RHP Bob Wagoner
Batting: SHB José Hernández 0-0: Called Strike
0-1: Ball
1-1: Ground out 4-3 (Groundball, 4, EV 106.3 MPH)
Pinch Hitting: RHB Thad Bunch 0-0: Fly out, F7 (Flyball, 7, EV 95.6 MPH)
Batting: RHB Kevin Wadley 0-0: Fly out, F3 (Popup, 3F, EV 62.5 MPH)
Top of the 8th over - 0 runs, 0 hits, 0 errors, 0 left on base; West Virginia 0 - Rocket City 1
BOTTOM OF THE 8TH
Rocket City Trash Pandas batting - Pitching for West Virginia Black Bears : RHP Darrell Lewis
Now at 2B: Brad Miller
Batting: LHB José Noboa 0-0: Ball
1-0: Called Strike
1-1: Ball
2-1: Fly out, F7 (Flyball, 7, EV 88.8 MPH)
Batting: RHB José Martínez 0-0: Called Strike
0-1: Ball
1-1: Fly out, F9 (Flyball, 9, EV 86.9 MPH)
Batting: RHB Alan von Duehren 0-0: Called Strike
0-1: Called Strike
0-2: Ball
1-2: Ball
2-2: Foul Ball, location: 2F
2-2: Ball
3-2: Base on Balls
Batting: RHB Joe Sims 0-0: Ball
1-0: Fly out, F9 (Line Drive, 9, EV 93.1 MPH)
Bottom of the 8th over - 0 runs, 0 hits, 0 errors, 1 left on base; West Virginia 0 - Rocket City 1
TOP OF THE 9TH
West Virginia Black Bears batting - Pitching for Rocket City Trash Pandas : RHP Bob Wagoner
Pitching: RHP Jeff Gross
Now at 1B: Joe Sims
Now at SS: José Lugo
Pinch Hitting: RHB Anastasio Navarro 0-0: Ground out 6-3 (Groundball, 6, EV 87.5 MPH)
Batting: LHB Chuck Christian 0-0: Ball
1-0: Ball
2-0: DOUBLE (Line Drive, 78D, EV 89.4 MPH)
Batting: RHB Julián Martínez 0-0: Ball
1-0: Foul Ball, location: 5F
1-1: Fly out, F8 (Flyball, 8RS, EV 76.9 MPH)
Batting: LHB Charlie Upton 0-0: Ball
1-0: Ground out 6-3 (Groundball, 6MS, EV 68.8 MPH)
Top of the 9th over - 0 runs, 1 hit, 0 errors, 1 left on base; West Virginia 0 - Rocket City 1
Monday, April 29th , 2024 - OOTP Baseball 24.10 Build 82